 Dungeon Crawl Stone Soup version 0.29.1-15-g9cfb28693d (webtiles) character file.

Game seed: 17591560954493471846

337 firemarshallily the Insei (level 6, 0/79 HPs)
             Began as a Gnoll Wanderer on Mar 2, 2023.
             Was a High Priest of Ignis.
             Slain by a gnoll
             ... wielding a +0 spear
             ... led by a gnoll bouda
              (4 damage)
             ... on level 4 of the Dungeon.
             The game lasted 00:15:18 (2647 turns).

firemarshallily the Insei (Gnoll Wanderer)          Turns: 2647, Time: 00:15:18

Health: 0/79       AC: 12    Str: 10    XL:     6   Next: 54%
Magic:  9/9        EV: 10    Int: 10    God:    Ignis [*****.]
Gold:   267        SH:  0    Dex: 16    Spells: 9/9 levels left

rFire   + . .      SeeInvis .     - Unarmed
rCold   . . .      Faith    .   (no shield)
rNeg    . . .      Spirit   .   g - +0 ring mail
rPois   .          Reflect  .   (no helmet)
rElec   .          Harm     .   (no cloak)
rCorr   .          Rampage  .   (no gloves)
Will    .....                   (no boots)
Stlth   ..........              (no amulet)
HPRegen 0.23/turn               (no ring)
MPRegen 0.11/turn               (no ring)

@: berserking, fiery-armoured, invisible, very quick
A: fangs 1, strong nose, distributed training
a: Renounce Religion, Fiery Armour, Foxfire Swarm, Rising Flame


You were on level 4 of the Dungeon.
You worshipped Ignis.
Ignis was extremely pleased with you.
You visited 1 branch of the dungeon, and saw 4 of its levels.

You collected 267 gold pieces.

Inventory:

Hand Weapons
 a - a +1 sling
 d - a +2 mace of draining
Missiles
 k - 3 poisoned darts
Armour
 e - a +0 robe
 g - a +0 ring mail (worn)
 h - a +0 plate armour
 r - a +0 scale mail
 x - the +0 leather armour "Gucox" {Int+3}
   (You found it on level 3 of the Dungeon)

   Int:       It affects your intelligence (+3).
Jewellery
 p - a ring of ice
Wands
 u - a wand of polymorph (6)
Scrolls
 i - a scroll of enchant weapon {unknown}
 j - a scroll of blinking {unknown}
 m - 5 scrolls of teleportation
 n - 3 scrolls of identify {unknown}
 s - a scroll of fear {unknown}
Potions
 c - a potion of haste
 l - a potion of attraction {unknown}
 o - a potion of ambrosia
 t - a potion of cancellation {unknown}
 v - a potion of degeneration {unknown}
 w - a potion of brilliance {unknown}


   Skills:
 + Level 6.9 Fighting
 + Level 2.1 Short Blades
 + Level 2.1 Long Blades
 + Level 2.1 Axes
 + Level 2.1 Maces & Flails
 + Level 2.1 Polearms
 + Level 2.1 Staves
 + Level 6.9 Ranged Weapons
 + Level 2.1 Throwing
 + Level 2.1 Armour
 + Level 2.1 Dodging
 + Level 2.1 Stealth
 + Level 2.1 Shields
 + Level 6.9 Unarmed Combat
 + Level 2.1 Spellcasting
 + Level 1.6 Conjurations
 + Level 1.6 Hexes
 + Level 1.6 Summonings
 + Level 1.6 Necromancy
 + Level 1.6 Translocations
 + Level 1.6 Transmutations
 + Level 1.6 Fire Magic
 + Level 1.6 Ice Magic
 + Level 1.6 Air Magic
 + Level 1.6 Earth Magic
 + Level 1.6 Poison Magic
 + Level 3.5 Invocations
 + Level 2.1 Evocations


You had 9 spell levels left.
You didn't know any spells.
Your spell library contained the following spells:

 Spells                   Type           Power      Damage    Failure   Level
 Apportation              Tloc           8%         N/A       36%         1
 Alistair's Intoxication  Tmut/Pois      2%         N/A       100%        5


Dungeon Overview and Level Annotations

Branches:
Dungeon (4/15)
 Temple: D:4-7

Altars:
Elyvilon
Ignis

Annotations:
D:3 1 runed translucent door, Crazy Yiuf


Innate Abilities, Weirdness & Mutations

You have very sharp teeth.
Your uncanny sense of smell can sniff out nearby items.
Your experience applies equally to all skills.


Message History

The gnoll bouda is almost dead.
It was a potion of curing.
You feel better. The gnoll misses you. The gnoll barely misses you.
The gnoll bouda prays to its god.
The gnoll bouda is healed somewhat.
The gnoll misses you.
You hit the gnoll bouda.
The gnoll bouda is severely wounded.
The gnoll closely misses you. The gnoll bouda closely misses you.
You hit the gnoll bouda.
The gnoll bouda is severely wounded.
The gnoll hits you but does no damage.
The gnoll is burned by your cloak of flames.
The gnoll is heavily wounded.
The gnoll barely misses you.
You punch the gnoll bouda!
You kill the gnoll bouda!
The gnoll hits you with a +0 flail!
* * * LOW HITPOINT WARNING * * *
The gnoll is burned by your cloak of flames.
The gnoll is almost dead.
The gnoll barely misses you. x2
You feel better. The gnoll hits you with a +0 flail!
* * * LOW HITPOINT WARNING * * *
The gnoll is burned by your cloak of flames.
The gnoll is almost dead.
The gnoll barely misses you. The gnoll misses you.
It was a potion of berserk rage.
A red film seems to cover your vision as you go berserk!
You feel yourself moving faster!
You feel mighty! The gnoll barely misses you. x2
The gnoll closely misses you. The gnoll barely misses you.
You are too berserk!
You strike the helpless gnoll from behind!
You punch the gnoll!
You kill the gnoll!
The gnoll hits you but does no damage.
You punch the gnoll!
You kill the gnoll!
The gnoll closely misses you.
The gnoll hits you from afar with a +0 spear.
You die...

###########
.........>####.
...............
...............
...............
............... ∆
.......).......
.......@)g.....
.......)g...... ####
............... #...
............... #.##
................... #.#.
...................##.#.
#..................##.#.
##.................##.#.
..............##.#.


You could see 2 gnolls.

Vanquished Creatures
  A gnoll bouda (D:4)
  Terence (D:2)
  2 orc wizards (D:4)
  Natasha (thrice) (D:3)
  4 adders
  5 gnolls (D:4)
  3 worms (D:2)
  2 dart slugs
  3 orcs
  6 bats
  8 endoplasms
  10 giant cockroaches
  3 hobgoblins
  4 jackals
  5 kobolds
  2 quokkas (D:3)
  3 ball pythons
  3 frilled lizards
  4 goblins
  4 rats
76 creatures vanquished.

Notes
Turn   | Place    | Note
-------+----------+-------------------------------------------
     0 | D:1      | firemarshallily the Gnoll Wanderer began the quest for the
                  | Orb.
     0 | D:1      | firemarshallily set off with the following items: a +1
                  | sling, a potion of invisibility, a potion of haste, a
                  | potion of lignification, a +0 robe.
     0 | D:1      | Reached XP level 1. HP: 23/23 MP: 2/2
    69 | D:1      | Reached XP level 2. HP: 26/29 MP: 3/3
   228 | D:1      | Reached XP level 3. HP: 30/35 MP: 4/4
   793 | D:2      | Noticed Terence
   803 | D:2      | Killed Terence
   804 | D:2      | Reached skill level 1 in Short Blades
   804 | D:2      | Reached skill level 1 in Long Blades
   804 | D:2      | Reached skill level 1 in Axes
   804 | D:2      | Reached skill level 1 in Maces & Flails
   804 | D:2      | Reached skill level 1 in Polearms
   804 | D:2      | Reached skill level 1 in Staves
   804 | D:2      | Reached skill level 1 in Throwing
   804 | D:2      | Reached skill level 1 in Armour
   804 | D:2      | Reached skill level 1 in Dodging
   804 | D:2      | Reached skill level 1 in Stealth
   804 | D:2      | Reached skill level 1 in Shields
   804 | D:2      | Reached skill level 1 in Spellcasting
   804 | D:2      | Reached skill level 1 in Evocations
   804 | D:2      | Reached XP level 4. HP: 41/41 MP: 6/6
  1149 | D:2      | Reached skill level 1 in Conjurations
  1149 | D:2      | Reached skill level 1 in Hexes
  1149 | D:2      | Reached skill level 1 in Summonings
  1149 | D:2      | Reached skill level 1 in Necromancy
  1149 | D:2      | Reached skill level 1 in Translocations
  1149 | D:2      | Reached skill level 1 in Transmutations
  1149 | D:2      | Reached skill level 1 in Fire Magic
  1149 | D:2      | Reached skill level 1 in Ice Magic
  1149 | D:2      | Reached skill level 1 in Air Magic
  1149 | D:2      | Reached skill level 1 in Earth Magic
  1149 | D:2      | Reached skill level 1 in Poison Magic
  1186 | D:2      | Found a white marble altar of Elyvilon.
  1360 | D:2      | Found a faded altar of an unknown god.
  1370 | D:2      | Prayed at the altar of an unknown god.
  1370 | D:2      | Became a worshipper of Ignis, the Dying Flame
  1670 | D:3      | Noticed Natasha
  1673 | D:3      | Killed Natasha
  1674 | D:3      | Reached XP level 5. HP: 38/47 MP: 7/7
  1786 | D:3      | Noticed Natasha
  1796 | D:3      | Killed Natasha
  1799 | D:3      | Noticed Natasha
  1860 | D:3      | Killed Natasha
  2002 | D:3      | Found a runed translucent door.
  2003 | D:3      | Noticed Crazy Yiuf
  2095 | D:3      | Identified the +0 leather armour "Gucox" {Int+3}
  2325 | D:4      | Reached XP level 6. HP: 53/53 MP: 8/8
  2644 | D:4      | HP: 2/53 [gnoll/+0 flail[a gnoll bouda] (8)]
  2647 | D:4      | Slain by a gnoll

Illustrated notes

Levels and vault maps discovered:
D:1:      minmay_arrival_arboretum_small, layout_basic
D:2:      minmay_door_path, layout_rooms, basic_ecumenical_altar, basic_altar,
          chequers_serial_rivers_large_a, kennysheep_generic_room_8,
          uniq_terence
D:3:      layout_rooms, grunt_decor_junction, uniq_natasha,
          uniq_crazy_yiuf_cottage
D:4:      layout_basic, ebering_ghost_gozag, kennysheep_cluttered_room

Skill      XL: |  1  2  3  4  5  6 |
---------------+-------------------+-----
Short Blades   | 1 2 |  2.1
Long Blades    | 1 2 |  2.1
Axes           | 1 2 |  2.1
Maces & Flails | 1 2 |  2.1
Polearms       | 1 2 |  2.1
Staves         | 1 2 |  2.1
Throwing       | 1 2 |  2.1
Armour         | 1 2 |  2.1
Dodging        | 1 2 |  2.1
Stealth        | 1 2 |  2.1
Shields        | 1 2 |  2.1
Spellcasting   | 1 2 |  2.1
Evocations     | 1 2 |  2.1
Conjurations   | 1 |  1.6
Hexes          | 1 |  1.6
Summonings     | 1 |  1.6
Necromancy     | 1 |  1.6
Translocations | 1 |  1.6
Transmutations | 1 |  1.6
Fire Magic     | 1 |  1.6
Ice Magic      | 1 |  1.6
Air Magic      | 1 |  1.6
Earth Magic    | 1 |  1.6
Poison Magic   | 1 |  1.6
Invocations    | 3 |  3.5
Fighting       | |  6.9
Ranged Weapons | |  6.9
Unarmed Combat | |  6.9

Action                   |  1- 3 |  4- 6 || total
-------------------------+-------+-------++-------
Melee: Unarmed           |     8 |    51 ||    59
       Mace              |       |    19 ||    19
       Bite              |       |     5 ||     5
       Punch             |       |     5 ||     5
       Sling             |       |     1 ||     1
 Fire: Sling             |    89 |    82 ||   171
Invok: Fiery Armour      |       |     1 ||     1
  Use: Potion            |     1 |     5 ||     6
       Scroll            |       |     1 ||     1
 Stab: Invisible         |       |     1 ||     1
Armor: Skin              |     1 |       ||     1
       Robe              |       |     6 ||     6
       Ring mail         |       |    30 ||    30
Dodge: Dodged            |    16 |    60 ||    76
